 Dungeon Crawl Stone Soup version 0.31.0-4-g52a2dc7128 (webtiles) character file.

Game seed: 5206288906244334509

3801 Gottschkopf the Fighter (level 9, -3/123 HPs)
             Began as a Minotaur Fighter on Jan 23, 2024.
             Was a Believer of Trog.
             Killed from afar by an electric eel (9 damage)
             ... with a bolt of electricity
             ... on level 8 of the Dungeon.
             The game lasted 00:15:20 (6041 turns).

Gottschkopf the Fighter (Minotaur Fighter)          Turns: 6041, Time: 00:15:20

Health: -3/123     AC: 10    Str: 25    XL:     9   Next: 96%
Magic:  8/8        EV: 10    Int:  5    God:    Trog [**....]
Gold:   249        SH:  6    Dex: 10    Spells: 8/8 levels left

rFire   + . .        r - +9 short sword of Tinneofi {drain, rF+}
rCold   + . .        c - +0 buckler
rNeg    + . .        y - +1 ring mail {Will+}
rPois   .            (helmet restricted)
rElec   .            a - +0 cloak
rCorr   .            x - +0 pair of gloves
SInv    .            (no boots)
Will    +....        (no amulet) Stlth
                     q - ring of positive energy
HPRegen 0.40/turn    w - +4 ring of slaying
MPRegen 0.11/turn

%: no passive effects
@: berserking (expiring), very quick
A: horns 2, retaliatory headbutt, talons 1, cold resistance 1, deterioration 1
a: Renounce Religion, Berserk, Trog's Hand


You were on level 8 of the Dungeon.
You worshipped Trog.
Trog was pleased with you.
You visited 2 branches of the dungeon, and saw 9 of its levels.

You collected 354 gold pieces.
You spent 105 gold pieces at shops.

Inventory:

Hand Weapons
 g - a +2 dagger of venom
 l - a +2 vampiric hand axe
 r - the +9 short sword of Tinneofi (weapon) {drain, rF+}
   (You found it on level 4 of the Dungeon)

   rF+:       It protects you from fire.
 u - the +3 falchion "Wesenisy" {elec, SInv}
   (You found it on level 4 of the Dungeon)

   SInv:      It lets you see invisible.
Armour
 a - a +0 cloak (worn)
 c - a +0 buckler (worn)
 k - an orb of mayhem
 x - a +0 pair of gloves (worn)
 y - a +1 ring mail of willpower (worn)
 E - +0 acid dragon scales
Jewellery
 q - a ring of positive energy (left hand)
 s - the ring of Xadwoen {Ice rCorr}
   (You bought it in a shop on level 4 of the Dungeon)

   [ring of ice]

   Ice:       It enhances your ice magic.
   rF-:       It makes you vulnerable to fire.
   rC+:       It protects you from cold.
   rCorr:     It protects you from acid and corrosion.
 w - a +4 ring of slaying (right hand)
Scrolls
 b - a scroll of fear {unknown}
 h - 2 scrolls of enchant armour {unknown}
 o - 3 scrolls of teleportation {unknown}
 p - a scroll of amnesia {unknown}
 A - a scroll of acquirement {unknown}
 B - a scroll of enchant weapon {unknown}
 C - a scroll of vulnerability {unknown}
Potions
 d - 3 potions of might
 e - a potion of ambrosia {unknown}
 f - 2 potions of enlightenment
 i - 2 potions of heal wounds
 j - a potion of brilliance {unknown}
 m - a potion of lignification
 t - a potion of experience {unknown}
 v - 2 potions of haste
 z - 2 potions of curing {unknown}
 D - a potion of berserk rage {unknown}


   Skills:
 + Level 8.8 Fighting
 * Level 8.7 Short Blades
 - Level 3.2(3.6) Axes
 - Level 2.4(3.2) Maces & Flails
 + Level 8.8 Armour
 + Level 8.8 Shields


You had 8 spell levels left.
You didn't know any spells.
Your spell library was empty.

Dungeon Overview and Level Annotations

Branches:
Dungeon (8/15)             Temple (1/1) D:6
   Lair: D:8-11

Altars:
Ashenzari
Cheibriados
Dithmenos
Elyvilon
Fedhas
Gozag
Hepliaklqana
Kikubaaqudgha
Makhleb
Nemelex Xobeh
Okawaru
Qazlal
Ru
Sif Muna
Trog
Uskayaw
Vehumet
Wu Jian
Xom
Yredelemnul
Zin
The Shining One

Shops:
D:1 (   D:4 *   D:6 !   D:8 *

Annotations:
D:7 2 transporters, mursu's ghost, novice FoHu


Innate Abilities, Weirdness & Mutations

You have a pair of horns on your head.
You reflexively headbutt those who attack you in melee.
You have sharp toenails.
Your flesh is cold resistant. (rC+)
Your body sometimes deteriorates upon taking damage.


Message History

The electric eel shoots out a bolt of lightning at you!
The bolt of electricity hits the water elemental.
The water elemental resists.
The bolt of electricity hits you.
* * * LOW HITPOINT WARNING * * *
You hear a loud, deep croak!
You puncture the water elemental!
The water elemental is almost destroyed.
* * * LOW HITPOINT WARNING * * *
Your lungs strain for air!
A bullfrog comes into view.
The water elemental hits you!
* * * LOW HITPOINT WARNING * * *
You impale the water elemental!!
You destroy the water elemental!
Trog accepts your kill. The water engulfing you falls away.
You gasp with relief as air once again reaches your lungs.
You block the water elemental's attack.
You barely miss the water elemental. You claw the water elemental!
You headbutt the water elemental!
The water elemental is severely damaged.
A merfolk comes into view. It is wielding a +0 trident.
You impale the water elemental!!
You destroy the water elemental!
Trog accepts your kill.
A bullfrog comes into view.
Found a phial of floods.
The bullfrog croaks.
You impale the bullfrog!! You claw the bullfrog.
You kill the bullfrog!
Trog accepts your kill.
The electric eel shoots out a bolt of lightning at you!
The bolt of electricity hits you!
* * * LOW HITPOINT WARNING * * *
You block the merfolk's attack.
You barely miss the electric eel. The bullfrog barely misses you.
You furiously retaliate!
You headbutt the bullfrog!
The electric eel shoots out a bolt of lightning at you!
The bolt of electricity hits you!
You die...

##.##......................
#..........................
#........##....#......)###.
#.........#....#....(...#..
...........................#
..#...##...................##
.................##........##
........#....).......#.....#
#..........@...............#
..~~.~~.FS.~....>.........
.#.~≈~≈≈≈~m~?.............
..~≈≈≈≈≈≈≈~~....##......#
#.≈≈≈~~~≈≈≈~...##.......#
.~~≈~...~≈≈~....#........
~~~~.}.≈≈≈≈....#........
~~≈~...~≈≈~.............
##........


You could see a merfolk, a bullfrog and an electric eel.

Vanquished Creatures
  Jeremiah (D:8)
  A hornet (D:7)
  Grinder (D:3)
  3 water elementals (D:8)
  A water moccasin (D:5)
  An acid dragon (D:7)
  2 sky beasts
  2 ice beasts
  A black bear (D:8)
  3 orc warriors
  4 ogres
  3 phantoms
  A kobold brigand (D:8)
  2 bullfrogs
  A scorpion (D:6)
  6 wights
  A killer bee (D:7)
  6 hounds
  4 jellies
  An orc priest (D:6)
  A sleepcap (D:7)
  Jessica (D:2)
  An iguana (D:5)
  An orc wizard (D:6)
  8 adders
  A shadow imp (D:7)
  A white imp (D:7)
  2 dart slugs
  2 ribbon worms (D:2)
  17 orcs
  5 ball pythons
  9 endoplasms
  3 giant cockroaches
  7 goblins
  3 hobgoblins
  4 jackals (D:1)
  5 quokkas
  6 bats
  5 frilled lizards
  9 kobolds
  3 rats
139 creatures vanquished.

Notes
Turn   | Place    | Note
-------+----------+-------------------------------------------
     0 | D:1      | Gottschkopf the Minotaur Fighter began the quest for the
                  | Orb.
     0 | D:1      | Reached XP level 1. HP: 19/19 MP: 0/0
    74 | D:1      | Found Neatov's Weapon Shoppe.
   220 | D:1      | Reached XP level 2. HP: 27/27 MP: 1/1
   944 | D:2      | Reached XP level 3. HP: 33/33 MP: 2/2
  1582 | D:2      | Noticed Jessica
  1584 | D:2      | Killed Jessica
  1585 | D:2      | Reached skill level 1 in Axes
  1585 | D:2      | Reached XP level 4. HP: 37/41 MP: 3/3
  1653 | D:3      | Noticed an ogre
  1656 | D:3      | Killed an ogre
  1657 | D:3      | Reached XP level 5. HP: 47/47 MP: 4/4
  1670 | D:3      | Noticed Grinder
  1678 | D:3      | Paralysed by Grinder for 2 turns
  1697 | D:3      | Killed Grinder
  1698 | D:3      | Reached skill level 5 in Fighting
  1698 | D:3      | Reached skill level 5 in Armour
  1698 | D:3      | Reached skill level 5 in Shields
  1698 | D:3      | Reached XP level 6. HP: 22/56 MP: 5/5
  2028 | D:4      | Found a bloodstained altar of Trog.
  2028 | D:4      | Found a snail-covered altar of Cheibriados.
  2041 | D:4      | Became a worshipper of Trog the Wrathful
  2224 | D:4      | Identified the +9 short sword of Tinneofi {drain, rF+}
  2335 | D:4      | Found Hafeutikh's Assorted Antiques.
  2341 | D:4      | Reached skill level 1 in Short Blades
  2343 | D:4      | Bought a translucent turquoise ring for 105 gold pieces
  2343 | D:4      | Identified the ring of Xadwoen {Ice rCorr} (You bought it
                  | in a shop on level 4 of the Dungeon)
  2594 | D:4      | Reached XP level 7. HP: 59/62 MP: 6/6
  2608 | D:4      | Identified the +3 falchion "Wesenisy" {elec, SInv}
  2764 | D:5      | Entered Level 5 of the Dungeon
  2972 | D:5      | Reached * piety under Trog
  3191 | D:5      | Reached XP level 8. HP: 71/71 MP: 7/7
  3289 | D:5      | Found a glowing golden altar of the Shining One.
  3703 | D:6      | Reached skill level 5 in Short Blades
  4070 | D:6      | Found Oxkimn's Distillery.
  4232 | D:6      | Found a staircase to the Ecumenical Temple.
  4349 | Temple   | Entered the Ecumenical Temple
  4451 | D:7      | Found a transporter.
  4454 | D:7      | Noticed mursu's ghost (novice FoHu)
  4455 | D:7      | Noticed a moth of wrath
  4634 | D:7      | Reached XP level 9. HP: 57/79 MP: 8/8
  4655 | D:7      | Gained mutation: Your flesh is cold resistant. (rC+)
                  | [potion of mutation]
  4655 | D:7      | Gained mutation: You have sharp toenails. [potion of
                  | mutation]
  4655 | D:7      | Gained mutation: Your body sometimes deteriorates upon
                  | taking damage. [potion of mutation]
  4815 | D:7      | Found a shimmering altar of Xom.
  4937 | D:7      | Found a transporter.
  5219 | D:7      | Reached ** piety under Trog
  5536 | D:8      | Found Igryal's General Store.
  5610 | D:8      | Noticed Jeremiah
  5643 | D:8      | Killed Jeremiah
  6036 | D:8      | Noticed a merfolk
  6040 | D:8      | HP: 6/123 [electric eel/bolt of electricity (7)]
  6041 | D:8      | Killed from afar by an electric eel

Illustrated notes

Levels and vault maps discovered:
D:1:      spicycebolla_green_bress_n_ham, layout_basic, serial_shops, shop
D:2:      layout_basic, uniq_jessica
D:3:      layout_basic, serial_curves, eino_curves_03, eino_curves_04,
          uniq_grinder, uniq_sigmund
D:4:      layout_gridville, chequers_temple_overflow_statue_of_worship,
          nrook_mini_backslash, minmay_crystal_water, kennysheep_small_square
D:5:      layout_basic, tso_metal_star, nicolae_kite_square_tiling_tiny,
          minivault_11
D:6:      layout_basic, minmay_temple_entry_proselytizer, serial_shops, shop
D:7:      layout_basic, lemuel_round_altar, gammafunk_ghost_berserking_beasts,
          st_stairs_10, nicolae_hexahallways, nicolae_twisty_statue_hallways
D:8:      layout_cave_pools, serial_shops, shop, nicolae_rank_and_phial,
          uniq_jeremiah
Temple:   regret_index_temple_chain_breaker

Skill      XL: |  1  2  3  4  5  6  7  8  9 |
---------------+----------------------------+-----
Fighting       | 4 5 6 7 8 |  8.8
Armour         | 4 5 6 7 8 |  8.8
Shields        | 4 5 6 7 8 |  8.8
Axes           | 1 3 |  3.2
Short Blades   | 2 4 6 8 |  8.7
Maces & Flails | |  2.4

Action                     |  1- 3 |  4- 6 |  7- 9 || total
---------------------------+-------+-------+-------++-------
  Melee: Flail             |    25 |       |       ||    25
         Headbutt          |     7 |     8 |    39 ||    54
         Dagger            |    27 |       |       ||    27
         Hand axe          |    22 |    42 |       ||    64
         Short sword       |       |    16 |   175 ||   191
         Kick              |       |       |    21 ||    21
 Invoke: Berserk           |       |       |     2 ||     2
    Use: Scroll            |       |       |     5 ||     5
         Potion            |       |       |     1 ||     1
 Armour: Scale mail        |    59 |    19 |    38 ||   116
         Ring mail         |       |       |    79 ||    79
  Dodge: Dodged            |    35 |    23 |    68 ||   126
  Block: Buckler           |    15 |    14 |    39 ||    68
